 Dungeon Crawl Stone Soup version 0.20-a0-450-g4cf9236 (webtiles) character file.

130 FitzyFitz the Slasher (level 4, -4/29 HPs)
             Began as a High Elf Warper on Dec 20, 2016.
             Slain by an orc priest
             ... wielding a +0 flail
              (8 damage)
             ... on level 3 of the Dungeon.
             The game lasted 00:07:44 (4196 turns).

FitzyFitz the Slasher (High Elf Warper)             Turns: 4196, Time: 00:07:44

Health: -4/29      AC:  3    Str: 10    XL:     4   Next: 89%
Magic:  7/8        EV: 12    Int: 17    God:
Gold:   116        SH:  0    Dex: 15    Spells: 0/7 levels left

rFire  . . .     SeeInvis .     a - +0 long sword
rCold  . . .     Gourm    .     b - +0 leather armour
rNeg   . . .     Faith    .     (no shield)
rPois  .         Spirit   .     (no helmet)
rElec  .         Reflect  .     (no cloak)
rCorr  .         Harm     .     (no gloves)
MR     .....                    (no boots)
Stlth  +.........               (no amulet)
                                (no ring)
                                (no ring)

@: very slightly contaminated, hasted, very quick
A: no striking features
a: no special abilities


You were on level 3 of the Dungeon.
You were not hungry.

You visited 1 branch of the dungeon, and saw 3 of its levels.

You collected 116 gold pieces.

Inventory:

Hand Weapons
 a - a +0 long sword (weapon)
 i - a +0 dagger
 t - a +0 falchion
 v - a +0 lajatang
Missiles
 e - 3 tomahawks of dispersal (quivered)
 h - 44 arrows
 m - 2 throwing nets
Armour
 b - a +0 leather armour (worn)
Jewellery
 w - an uncursed amulet of faith {unknown}
Scrolls
 d - a scroll of blinking
 g - a scroll of magic mapping {unknown}
 k - 3 scrolls of identify {unknown}
 q - a scroll of noise {unknown}
 r - a scroll of immolation {unknown}
 s - 2 scrolls of fear {unknown}
Potions
 p - a potion of degeneration {unknown}
 u - a potion of cancellation {unknown}
Books
 c - a book of Spatial Translocations

   Spells                             Type                      Level
   a - Blink                          Translocation                2
   b - Shroud of Golubria             Charms/Translocation         2
   c - Lesser Beckoning               Translocation                3
   d - Portal Projectile              Translocation                3
   e - Teleport Other                 Translocation                3
   f - Passage of Golubria            Translocation                4
Comestibles
 f - 3 bread rations
 j - a beef jerky
 o - 4 fruits


   Skills:
 - Level 2.0 Fighting
 + Level 5.4 Long Blades
 - Level 1.0 Throwing
 - Level 0.8 Armour
 - Level 2.1 Dodging
 - Level 2.4 Spellcasting
 + Level 4.2 Translocations


You couldn't memorise any spells.
You knew the following spells:

 Your Spells              Type           Power        Failure   Level  Hunger
a - Blink                 Tloc           N/A          10%         2    ##.....
b - Shroud of Golubria    Chrm/Tloc      #.........   17%         2    ##.....
c - Lesser Beckoning      Tloc           ###.......   17%         3    ###....


Dungeon Overview and Level Annotations

Branches:
Dungeon (3/15)

Altars:
Qazlal
Ru
Trog


Message History

The orc priest closely misses you.
You barely miss the orc priest.
The orc priest is moderately wounded.
Your shroud bends the orc priest's attack away!
You hit the orc priest.
The orc priest is moderately wounded.
You hit the orc priest but do no damage.
The orc priest is moderately wounded.
The orc priest misses you.
You riposte.
You hit the orc priest.
The orc priest is heavily wounded.
You hit the orc priest but do no damage.
The orc priest is heavily wounded.
The orc priest hits you but does no damage.
You barely miss the orc priest.
The orc priest is heavily wounded.
You hit the orc priest.
The orc priest is severely wounded.
Your shroud unravels.
The orc priest hits you with a flail!
You die...

...............
..............#
#######.#######
#....8........# #.#
#...8.8...#.### #.#
#.8._.8..#.#
#.##########
#..8.8...#.#
#..........#
#...8....#.#
##########.#
#..........### #.#
####.......... #@#
#.##....### #o#
#.#.#.#.###
.o.o..oK..K!..........##
#######.######<#.#.#.###
#.# #.##...)... #.#
#.###.####. #.#
#.#.......< #.#
#.#.####### #.# #.#.# #


You could see an orc priest, an orc and a kobold.

Vanquished Creatures
  7 adders
  4 worms
  4 dart slugs
  An orc (D:3)
  2 giant cockroaches
  6 goblins
  8 hobgoblins
  4 jackals (D:1)
  2 quokkas (D:2)
  2 bats
  2 frilled lizards
  5 kobolds
  3 rats
50 creatures vanquished.

Notes
Turn   | Place    | Note
-------+----------+-------------------------------------------
     0 | D:1      | FitzyFitz the High Elf Warper began the quest for the Orb.
     0 | D:1      | Reached XP level 1. HP: 14/14 MP: 4/4
   329 | D:1      | Found a sacrificial altar of Ru.
   423 | D:1      | Reached skill level 3 in Long Blades
   540 | D:1      | Reached XP level 2. HP: 13/19 MP: 6/6
   872 | D:2      | Reached skill level 4 in Long Blades
   881 | D:2      | Learned a level 2 spell: Blink
   884 | D:2      | Learned a level 2 spell: Shroud of Golubria
   916 | D:2      | Reached XP level 3. HP: 13/24 MP: 4/7
  1545 | D:2      | Found a stormy altar of Qazlal.
  2106 | D:2      | Reached skill level 5 in Long Blades
  2106 | D:2      | Reached XP level 4. HP: 20/29 MP: 8/8
  2249 | D:2      | Found a bloodstained altar of Trog.
  3082 | D:2      | Learned a level 3 spell: Lesser Beckoning
  3572 | D:3      | Found a faded altar of an unknown god.
  4196 | D:3      | Slain by an orc priest

Vault maps used:
D:1:      noname_arrival_rooms_in_the_neighbourhood, serial_park_tiny_1,
          kennysheep_flooded_box
D:2:      nicolae_qazlal_general_emergency, bloody_trog
D:3:      chequers_ecumenical_altar_simple_redux, serial_bayou_pond_c

Skill      XL: |  1  2  3  4 |
---------------+-------------+-----
Long Blades    | 3 4 5 |  5.4
Translocations | 4 |  4.2
Fighting       | |  2.0
Throwing       | |  1.0
Armour         | |  0.8
Dodging        | |  2.1
Spellcasting   | |  2.4

Action                   |  1- 3 |  4- 6 || total
-------------------------+-------+-------++-------
Melee: Falchion          |   113 |    38 ||   151
       Long sword        |       |    90 ||    90
Throw: Tomahawk          |       |     2 ||     2
 Cast: Shroud of Golubri |     2 |    10 ||    12
  Use: Potion            |       |     1 ||     1
 Stab: Distracted        |     1 |       ||     1
       Sleeping          |       |     2 ||     2
  Eat: Chunk             |     4 |     6 ||    10
       Meat ration       |       |     1 ||     1
Armor: Leather armour    |    28 |    19 ||    47
Dodge: Dodged            |    70 |    56 ||   126
       Rpst.: Falchion   |    24 |     5 ||    29
       Long sword        |       |     8 ||     8
